[Event "GambitGuide"]
[Site "Internet Chess Club"]
[Date "2014.10.30"]
[Round "1"]
[White "JSBach"]
[Black "fishhead"]
[Result "1-0"]
[ICCResult "Black resigns"]
[WhiteElo "1668"]
[BlackElo "1597"]
[Opening "Vienna: `Frankenstein-Dracula' variation"]
[ECO "C27"]
[NIC "VG.02"]
[Time "22:19:35"]
[TimeControl "120+12"]

1. e4 e5 2. Nc3 Nf6 3. Bc4 Nxe4 4. Qh5 Nd6 5. Bb3 Nc6 6. Nb5 g6 7. Qf3 f5 8.
Qd5 Qe7 9. Nxc7+ Kd8 10. Nxa8 b6 11. Ba4 Bb7 12. Nxb6 axb6 13. Qb3 b5 14.
Nf3 bxa4 15. Qxa4 Qg7 16. d3 Nf7 17. Qb5 Bc8 18. O-O Bd6 19. Be3 Ke7 20.
Rfe1 Re8 21. d4 e4 22. d5 Nce5 23. Nd4 Kf8 24. h3 Kg8 25. b4 Bc7 26. Ne6
dxe6 27. Qxe8+ Qf8 28. Qxf8+ Kxf8 29. Bc5+ Kg7 30. dxe6 Bxe6 31. a4 Nc4 32.
a5 Nfe5 33. a6 Bd5 34. Red1 Ba8 35. b5 Nb6 36. Bd6 Bxd6 37. Rxd6 Nec4 38.
Rd4 Kf6 39. Rad1 Ke5 40. c3 f4 41. h4 h6 42. Kf1 g5 43. hxg5 hxg5 44. Ke1 e3
45. Kf1 g4 46. Kg1 f3 47. gxf3 gxf3 48. fxe3 Nxe3 49. Re1 Nd5 50. Rxe3+ Nxe3
51. b6 {Black resigns} 1-0

[Event "GambitGuide"]
[Site "Internet Chess Club"]
[Date "2014.10.30"]
[Round "1"]
[White "JSBach"]
[Black "LususNaturae"]
[Result "1-0"]
[ICCResult "Black resigns"]
[WhiteElo "1668"]
[BlackElo "1992"]
[Opening "Vienna: `Frankenstein-Dracula' variation"]
[ECO "C27"]
[NIC "VG.02"]
[Time "22:21:45"]
[TimeControl "120+12"]

1. e4 e5 2. Nc3 Nf6 3. Bc4 Nxe4 4. Qh5 Nd6 5. Bb3 Nc6 6. Nb5 g6 7. Qf3 f5 8.
Qd5 Qe7 9. Nxc7+ Kd8 10. Nxa8 b6 11. Ba4 Bb7 12. Nxb6 axb6 13. Qb3 Nd4 14.
Qxb6+ Ke8 15. Kf1 Qg5 16. f3 e4 17. Qxd4 exf3 18. Qe5+ Kd8 19. Nxf3 Bxf3 20.
gxf3 Rg8 21. Rg1 Qh4 22. Bb3 Rg7 23. Bd5 Re7 24. Qg3 Qd4 25. Bg8 Qe5 26.
Qxe5 Rxe5 27. Bxh7 {Black resigns} 1-0

[Event "GambitGuide"]
[Site "Internet Chess Club"]
[Date "2014.10.30"]
[Round "1"]
[White "JSBach"]
[Black "calabiyau"]
[Result "0-1"]
[ICCResult "White checkmated"]
[WhiteElo "1668"]
[BlackElo "1336"]
[Opening "Vienna: `Frankenstein-Dracula' variation"]
[ECO "C27"]
[NIC "VG.02"]
[Time "22:22:09"]
[TimeControl "120+12"]

1. e4 e5 2. Nc3 Nf6 3. Bc4 Nxe4 4. Qh5 Nd6 5. Bb3 Nc6 6. Nb5 g6 7. Qf3 f5 8.
Qd5 Qe7 9. Nxc7+ Kd8 10. Nxa8 b6 11. Ba4 Nd4 12. f4 Bb7 13. Qxe5 Qxe5+ 14.
fxe5 Bxg2 15. exd6 Bxh1 16. c3 Nf3+ 17. Nxf3 Bxf3 18. Nc7 Bxd6 19. Nb5 Bxh2
20. Nxa7 Bg3+ 21. Kf1 Re8 22. Nc6+ dxc6 23. d4 Re1# {White checkmated} 0-1

[Event "GambitGuide"]
[Site "Internet Chess Club"]
[Date "2014.10.30"]
[Round "1"]
[White "JSBach"]
[Black "LususNaturae"]
[Result "1-0"]
[ICCResult "Black resigns"]
[WhiteElo "1668"]
[BlackElo "1992"]
[Opening "Vienna: `Frankenstein-Dracula' variation"]
[ECO "C27"]
[NIC "VG.02"]
[Time "22:23:02"]
[TimeControl "120+12"]

1. e4 e5 2. Nc3 Nf6 3. Bc4 Nxe4 4. Qh5 Nd6 5. Bb3 Nc6 6. Nb5 g6 7. Qf3 f5 8.
Qd5 Qe7 9. Nxc7+ Kd8 10. Nxa8 b6 11. Ba4 Bb7 12. Nxb6 axb6 13. Qb3 Kc7 14.
Ne2 Ne4 15. Qb5 Qc5 16. O-O Qxb5 17. Bxb5 Nb4 18. c3 Nc2 19. Rb1 d5 20. Bd3
{Black resigns}
1-0

[Event "GambitGuide"]
[Site "Internet Chess Club"]
[Date "2014.10.30"]
[Round "1"]
[White "JSBach"]
[Black "hqy"]
[Result "1-0"]
[ICCResult "Black checkmated"]
[WhiteElo "1668"]
[BlackElo "1343"]
[Opening "Vienna: `Frankenstein-Dracula' variation"]
[ECO "C27"]
[NIC "VG.02"]
[Time "22:20:27"]
[TimeControl "120+12"]

1. e4 e5 2. Nc3 Nf6 3. Bc4 Nxe4 4. Qh5 Nd6 5. Bb3 Nc6 6. Nb5 g6 7. Qf3 f5 8.
Qd5 Qe7 9. Nxc7+ Kd8 10. Nxa8 b6 11. Ba4 Bb7 12. Nxb6 axb6 13. Qb3 Kc7 14.
Ne2 Bg7 15. Nc3 Nd4 16. Nd5+ Bxd5 17. Qxd5 Nc6 18. c3 Ra8 19. Bb3 Ne4 20. d3
Nd6 21. Be3 Ra5 22. Qf3 e4 23. dxe4 fxe4 24. Qg4 Nf5 25. Bg5 Qc5 26. Qxe4
Bxc3+ 27. Kf1 Bxb2 28. Rd1 Nfd4 29. Bf4+ Kb7 30. Qe8 Qb5+ 31. Ke1 Nb4 32.
Qb8+ Kc6 33. Qc7# {Black checkmated} 1-0

[Event "GambitGuide"]
[Site "Internet Chess Club"]
[Date "2014.10.30"]
[Round "1"]
[White "JSBach"]
[Black "captain"]
[Result "1-0"]
[ICCResult "Black resigns"]
[WhiteElo "1668"]
[BlackElo "1146"]
[Opening "Vienna: `Frankenstein-Dracula' variation"]
[ECO "C27"]
[NIC "VG.02"]
[Time "22:22:23"]
[TimeControl "120+12"]

1. e4 e5 2. Nc3 Nf6 3. Bc4 Nxe4 4. Qh5 Nd6 5. Bb3 Nc6 6. Nb5 g6 7. Qf3 f5 8.
Qd5 Qe7 9. Nxc7+ Kd8 10. Nxa8 b6 11. Ba4 b5 12. Bxb5 Nxb5 13. Qxb5 Nd4 14.
Qa5+ Ke8 15. Nc7+ Kf7 16. Qd5+ Kg7 17. Qc4 Qc5 18. Qxc5 Bxc5 19. Kd1 Bb7 20.
c3 Ne6 21. Nxe6+ dxe6 22. f3 Rd8 23. b4 Bf2 24. Ke2 Bh4 25. d3 e4 26. d4
exf3+ 27. Nxf3 Bf6 28. Kf2 g5 29. Bxg5 Bxg5 30. Nxg5 Kg6 31. Nxe6
{Black resigns}
1-0

[Event "GambitGuide"]
[Site "Internet Chess Club"]
[Date "2014.10.30"]
[Round "1"]
[White "JSBach"]
[Black "brainstorm01"]
[Result "0-1"]
[ICCResult "White checkmated"]
[WhiteElo "1668"]
[BlackElo "1989"]
[Opening "Vienna: `Frankenstein-Dracula' variation"]
[ECO "C27"]
[NIC "VG.02"]
[Time "22:22:40"]
[TimeControl "120+12"]

1. e4 e5 2. Nc3 Nf6 3. Bc4 Nxe4 4. Qh5 Nd6 5. Bb3 Nc6 6. Nb5 g6 7. Qf3 f5 8.
Qd5 Qe7 9. Nxc7+ Kd8 10. Nxa8 b6 11. Ba4 Nd4 12. f4 Bg7 13. fxe5 Bxe5 14. g4
Bg3+ 15. Kf1 Qe1+ 16. Kg2 Qf2+ 17. Kh3 fxg4+ 18. Kxg4 h5+ 19. Kh3 N6f5 20.
Bb5 d6 21. Bd7 Bxd7 22. Nxb6 axb6 23. Qa8+ Ke7 24. Qe4+ Kf6 25. Qf3 Nxf3 26.
hxg3 Nxg3# {White checkmated} 0-1

[Event "GambitGuide"]
[Site "Internet Chess Club"]
[Date "2014.10.30"]
[Round "1"]
[White "JSBach"]
[Black "LususNaturae"]
[Result "1-0"]
[ICCResult "Black resigns"]
[WhiteElo "1668"]
[BlackElo "1992"]
[Opening "Vienna: `Frankenstein-Dracula' variation"]
[ECO "C27"]
[NIC "VG.02"]
[Time "22:23:55"]
[TimeControl "120+12"]

1. e4 e5 2. Nc3 Nf6 3. Bc4 Nxe4 4. Qh5 Nd6 5. Bb3 Nc6 6. Nb5 g6 7. Qf3 f5 8.
Qd5 Qe7 9. Nxc7+ Kd8 10. Nxa8 b6 11. Ba4 Bb7 12. Nxb6 axb6 13. Qb3 Kc7 14.
Ne2 Bg7 15. Nc3 Nd4 16. Nd5+ Bxd5 17. Qxd5 Qg5 18. c3 b5 19. cxd4 bxa4 20.
Qc5+ Kd8 21. Qxd6 Qxg2 22. Qb8+ Ke7 23. Qb4+ Kf7 24. Qc4+ Ke7 25. Rf1 Re8
26. d5 Kf8 27. Qxa4 f4 28. Qxd7 e4 29. Qd6+ Kg8 30. Qxf4 Be5 31. Qe3 Qxh2
32. Qxe4 Re7 33. Kd1 Bf6 34. Qf3 Qe5 35. Rg1 Rd7 36. Re1 Qd4 37. Re4 Qc5 38.
Qxf6 {Black resigns} 1-0

[Event "GambitGuide"]
[Site "Internet Chess Club"]
[Date "2014.10.30"]
[Round "1"]
[White "JSBach"]
[Black "captain"]
[Result "1-0"]
[ICCResult "Black resigns"]
[WhiteElo "1668"]
[BlackElo "1146"]
[Opening "Vienna: `Frankenstein-Dracula' variation"]
[ECO "C27"]
[NIC "VG.02"]
[Time "22:24:00"]
[TimeControl "120+12"]

1. e4 e5 2. Nc3 Nf6 3. Bc4 Nxe4 4. Qh5 Nd6 5. Bb3 Nc6 6. Nb5 g6 7. Qf3 f5 8.
Qd5 Qe7 9. Nxc7+ Kd8 10. Nxa8 b6 11. Ba4 Bb7 12. Nxb6 axb6 13. Qb3 b5 14.
Nf3 e4 15. Ng1 bxa4 16. Qxa4 Bg7 17. Nh3 g5 18. O-O h5 19. Re1 f4 20. d3 Qf6
21. dxe4 g4 22. e5 Qg6 23. Nxf4 Qxc2 24. Qxc2 {Black resigns} 1-0

[Event "GambitGuide"]
[Site "Internet Chess Club"]
[Date "2014.10.30"]
[Round "1"]
[White "JSBach"]
[Black "captain"]
[Result "1-0"]
[ICCResult "Black checkmated"]
[WhiteElo "1668"]
[BlackElo "1146"]
[Opening "Vienna: `Frankenstein-Dracula' variation"]
[ECO "C27"]
[NIC "VG.02"]
[Time "22:26:32"]
[TimeControl "120+12"]

1. e4 e5 2. Nc3 Nf6 3. Bc4 Nxe4 4. Qh5 Nd6 5. Bb3 Nc6 6. Nb5 g6 7. Qf3 f5 8.
Qd5 Qe7 9. Nxc7+ Kd8 10. Nxa8 b6 11. Ba4 Bb7 12. Nxb6 axb6 13. Qb3 b5 14.
Nf3 bxa4 15. Qxa4 Bg7 16. O-O g5 17. d3 g4 18. Bg5 Bf6 19. Bxf6 Qxf6 20. Nd2
h5 21. Rfe1 h4 22. Qb3 Nd4 23. Qb6+ Kc8 24. Nc4 g3 25. Nxd6+ Kb8 26. Qxb7#
{Black checkmated}
1-0

[Event "GambitGuide"]
[Site "Internet Chess Club"]
[Date "2014.10.30"]
[Round "1"]
[White "JSBach"]
[Black "captain"]
[Result "1-0"]
[ICCResult "Black resigns"]
[WhiteElo "1668"]
[BlackElo "1146"]
[Opening "Vienna: `Frankenstein-Dracula' variation"]
[ECO "C27"]
[NIC "VG.02"]
[Time "22:27:48"]
[TimeControl "120+12"]

1. e4 e5 2. Nc3 Nf6 3. Bc4 Nxe4 4. Qh5 Nd6 5. Bb3 Nc6 6. Nb5 g6 7. Qf3 f5 8.
Qd5 Qe7 9. Nxc7+ Kd8 10. Nxa8 b6 11. Ba4 Bb7 12. Nxb6 axb6 13. Qb3 b5 14.
Nf3 bxa4 15. Qxa4 Nd4 16. Nxd4 exd4+ 17. Kf1 Qg5 18. Qa5+ Ke8 19. Qe5+ Kd8
20. Rg1 Nf7 21. Qxd4 Bd6 22. d3 Bxh2 23. Bxg5+ Nxg5 24. Qxh8+ {Black
resigns} 1-0

[Event "GambitGuide"]
[Site "Internet Chess Club"]
[Date "2014.10.30"]
[Round "1"]
[White "JSBach"]
[Black "captain"]
[Result "1-0"]
[ICCResult "Black resigns"]
[WhiteElo "1668"]
[BlackElo "1146"]
[Opening "Vienna: `Frankenstein-Dracula' variation"]
[ECO "C27"]
[NIC "VG.02"]
[Time "22:29:11"]
[TimeControl "120+12"]

1. e4 e5 2. Nc3 Nf6 3. Bc4 Nxe4 4. Qh5 Nd6 5. Bb3 Nc6 6. Nb5 g6 7. Qf3 f5 8.
Qd5 Qe7 9. Nxc7+ Kd8 10. Nxa8 b6 11. Ba4 Bb7 12. Nxb6 axb6 13. Qb3 b5 14.
Nf3 bxa4 15. Qxa4 Nd4 16. Nxd4 exd4+ 17. Kf1 Qg5 18. Qa5+ Ke7 19. f3 Bg7 20.
d3 Rc8 21. Bxg5+ {Black resigns} 1-0

[Event "GambitGuide"]
[Site "Internet Chess Club"]
[Date "2014.10.30"]
[Round "1"]
[White "JSBach"]
[Black "captain"]
[Result "1-0"]
[ICCResult "Black resigns"]
[WhiteElo "1668"]
[BlackElo "1146"]
[Opening "Vienna: `Frankenstein-Dracula' variation"]
[ECO "C27"]
[NIC "VG.02"]
[Time "22:30:10"]
[TimeControl "120+12"]

1. e4 e5 2. Nc3 Nf6 3. Bc4 Nxe4 4. Qh5 Nd6 5. Bb3 Nc6 6. Nb5 g6 7. Qf3 f5 8.
Qd5 Qe7 9. Nxc7+ Kd8 10. Nxa8 b6 11. Ba4 Bb7 12. Nxb6 axb6 13. Qb3 b5 14.
Nf3 bxa4 15. Qxa4 Nd4 16. Nxd4 exd4+ 17. Kf1 Qg5 18. f3 Ke7 19. Qxd4 Kf7 20.
Qxh8 {Black resigns} 1-0

[Event "GambitGuide"]
[Site "Internet Chess Club"]
[Date "2014.10.30"]
[Round "1"]
[White "JSBach"]
[Black "Darienor"]
[Result "0-1"]
[ICCResult "White checkmated"]
[WhiteElo "1668"]
[BlackElo "2708"]
[Opening "Vienna: `Frankenstein-Dracula' variation"]
[ECO "C27"]
[NIC "VG.02"]
[Time "22:28:51"]
[TimeControl "120+12"]

1. e4 e5 2. Nc3 Nf6 3. Bc4 Nxe4 4. Qh5 Nd6 5. Bb3 Nc6 6. Nb5 g6 7. Qf3 f5 8.
Qd5 Qe7 9. Nxc7+ Kd8 10. Nxa8 b6 11. Ba4 Bb7 12. Nxb6 axb6 13. Qb3 Kc7 14.
Ne2 Ne4 15. Qb5 Nd4 16. Nxd4 exd4 17. O-O Bc6 18. Qa6 Nc5 19. Qa7+ Bb7 20.
Bb3 Bg7 21. d3 Ra8 22. Bf4+ d6 23. Rae1 Be5 24. Rxe5 dxe5 25. Bg5 Qd6 26.
Be7 Qxe7 27. Qxa8 Bxa8 28. Bc4 e4 29. Rd1 e3 30. fxe3 Qxe3+ 31. Kf1 Bxg2+
32. Kxg2 Qe2+ 33. Kg3 Qxd1 34. b4 Qxc2 35. bxc5 bxc5 36. h4 Kd6 37. h5 g5
38. h6 Qd2 39. a3 Qe3+ 40. Kh2 g4 41. Kg2 f4 42. a4 Qd2+ 43. Kf1 f3 44. Bg8
Qe2+ 45. Kg1 Qg2# {White checkmated} 0-1

[Event "GambitGuide"]
[Site "Internet Chess Club"]
[Date "2014.10.30"]
[Round "1"]
[White "JSBach"]
[Black "captain"]
[Result "1-0"]
[ICCResult "Black checkmated"]
[WhiteElo "1668"]
[BlackElo "1146"]
[Opening "Vienna: `Frankenstein-Dracula' variation"]
[ECO "C27"]
[NIC "VG.02"]
[Time "22:30:38"]
[TimeControl "120+12"]

1. e4 e5 2. Nc3 Nf6 3. Bc4 Nxe4 4. Qh5 Nd6 5. Bb3 Nc6 6. Nb5 g6 7. Qf3 f5 8.
Qd5 Qe7 9. Nxc7+ Kd8 10. Nxa8 b6 11. Ba4 Bb7 12. Nxb6 axb6 13. Qb3 b5 14.
Nf3 bxa4 15. Qxa4 Nd4 16. Nxd4 exd4+ 17. Kf1 Ke8 18. Qxd4 Bg7 19. Qb6 Kf7
20. d3 Rf8 21. Bf4 Be5 22. Re1 Bxg2+ 23. Kxg2 Qh4 24. Qb3+ Ke8 25. Rxe5+ Kd8
26. Qb6+ Kc8 27. Rc5# {Black checkmated} 1-0

[Event "GambitGuide"]
[Site "Internet Chess Club"]
[Date "2014.10.30"]
[Round "1"]
[White "JSBach"]
[Black "captain"]
[Result "1-0"]
[ICCResult "Black resigns"]
[WhiteElo "1668"]
[BlackElo "1146"]
[Opening "Vienna: `Frankenstein-Dracula' variation"]
[ECO "C27"]
[NIC "VG.02"]
[Time "22:31:49"]
[TimeControl "120+12"]

1. e4 e5 2. Nc3 Nf6 3. Bc4 Nxe4 4. Qh5 Nd6 5. Bb3 Nc6 6. Nb5 g6 7. Qf3 f5 8.
Qd5 Qe7 9. Nxc7+ Kd8 10. Nxa8 b6 11. Ba4 Bb7 12. Nxb6 axb6 13. Qb3 b5 14.
Nf3 bxa4 15. Qxa4 Nd4 16. Nxd4 exd4+ 17. Kf1 Bc6 18. Qxd4 Bg7 19. Qc5 Ne4
20. Qxe7+ Kxe7 21. Ke2 Bb5+ 22. d3 Ng5 23. Bxg5+ {Black resigns} 1-0

[Event "GambitGuide"]
[Site "Internet Chess Club"]
[Date "2014.10.30"]
[Round "1"]
[White "JSBach"]
[Black "Darienor"]
[Result "0-1"]
[ICCResult "White checkmated"]
[WhiteElo "1668"]
[BlackElo "2708"]
[Opening "Vienna: `Frankenstein-Dracula' variation"]
[ECO "C27"]
[NIC "VG.02"]
[Time "22:31:08"]
[TimeControl "120+12"]

1. e4 e5 2. Nc3 Nf6 3. Bc4 Nxe4 4. Qh5 Nd6 5. Bb3 Nc6 6. Nb5 g6 7. Qf3 f5 8.
Qd5 Qe7 9. Nxc7+ Kd8 10. Nxa8 b6 11. Ba4 Bb7 12. Nxb6 axb6 13. Qb3 Kc7 14.
Ne2 Ne4 15. d3 Nc5 16. Qa3 Qf6 17. Bb5 Bd6 18. O-O Ra8 19. Qc3 Nd4 20. Nxd4
exd4 21. Qc4 Qe5 22. g3 Qe2 23. b4 Qf3 24. Bc6 Bxc6 25. Qd5 Bxd5 26. bxc5
Qg2# {White checkmated} 0-1

[Event "GambitGuide"]
[Site "Internet Chess Club"]
[Date "2014.10.30"]
[Round "1"]
[White "JSBach"]
[Black "tgb"]
[Result "1-0"]
[ICCResult "Black resigns"]
[WhiteElo "1668"]
[BlackElo "1150"]
[Opening "Vienna: `Frankenstein-Dracula' variation"]
[ECO "C27"]
[NIC "VG.02"]
[Time "22:32:38"]
[TimeControl "120+12"]

1. e4 e5 2. Nc3 Nf6 3. Bc4 Nxe4 4. Qh5 Nd6 5. Bb3 Nc6 6. Nb5 g6 7. Qf3 f5 8.
Qd5 Qe7 9. Nxc7+ Kd8 10. Nxa8 b6 11. Ba4 Bb7 12. Nxb6 Na5 13. Qxa5 Bxg2 14.
Nd5+ {Black resigns} 1-0

[Event "GambitGuide"]
[Site "Internet Chess Club"]
[Date "2014.10.30"]
[Round "1"]
[White "JSBach"]
[Black "Darienor"]
[Result "0-1"]
[ICCResult "White checkmated"]
[WhiteElo "1668"]
[BlackElo "2708"]
[Opening "Vienna: `Frankenstein-Dracula' variation"]
[ECO "C27"]
[NIC "VG.02"]
[Time "22:33:16"]
[TimeControl "120+12"]

1. e4 e5 2. Nc3 Nf6 3. Bc4 Nxe4 4. Qh5 Nd6 5. Bb3 Nc6 6. Nb5 g6 7. Qf3 f5 8.
Qd5 Qe7 9. Nxc7+ Kd8 10. Nxa8 b6 11. Ba4 Bb7 12. Nxb6 axb6 13. Qb3 Kc7 14.
Ne2 Ne4 15. Qb5 Nd4 16. Nxd4 exd4 17. O-O Bc6 18. Qa6 Nc5 19. Qa7+ Bb7 20.
Bb3 Bg7 21. d3 Ra8 22. Bf4+ d6 23. Rae1 Be5 24. Rxe5 dxe5 25. Bg5 Qxg5 26.
Qxb7+ Nxb7 27. Re1 Nc5 28. Bd5 Rd8 29. h4 Qd2 30. Kf1 Rxd5 31. b4 Na4 32.
Re2 Qd1+ 33. Re1 Qxc2 34. Kg1 Qxd3 35. Rc1+ Nc3 36. a3 e4 37. Kh1 e3 38.
fxe3 dxe3 39. Kh2 e2 40. a4 Qd2 41. Rg1 Qf4+ 42. g3 Qf2+ 43. Kh1 e1=Q 44.
Rxe1 Qxe1+ 45. Kh2 Rd2+ 46. Kh3 Qh1# {White checkmated} 0-1

[Event "GambitGuide"]
[Site "Internet Chess Club"]
[Date "2014.10.30"]
[Round "1"]
[White "JSBach"]
[Black "captain"]
[Result "1/2-1/2"]
[ICCResult "Game drawn by repetition"]
[WhiteElo "1668"]
[BlackElo "1146"]
[Opening "Vienna: `Frankenstein-Dracula' variation"]
[ECO "C27"]
[NIC "VG.02"]
[Time "22:32:35"]
[TimeControl "120+12"]

1. e4 e5 2. Nc3 Nf6 3. Bc4 Nxe4 4. Qh5 Nd6 5. Bb3 Nc6 6. Nb5 g6 7. Qf3 f5 8.
Qd5 Qe7 9. Nxc7+ Kd8 10. Nxa8 b6 11. Ba4 Bb7 12. Nxb6 axb6 13. Qb3 b5 14.
Nf3 bxa4 15. Qxa4 Nd4 16. Nxd4 exd4+ 17. Kf1 Bc6 18. Qxd4 Bg7 19. Qe3 Qxe3
20. fxe3 Rf8 21. a4 f4 22. Kg1 fxe3 23. dxe3 Be4 24. c3 Bd3 25. Bd2 Nc4 26.
g4 Nxd2 27. Rd1 Rf1+ 28. Rxf1 Bxf1 29. Kf2 Bc4 30. Ke1 Ne4 31. h4 Be5 32.
Rg1 Bc7 33. b4 Be5 34. b5 Bxc3+ 35. Kd1 Bb3+ 36. Ke2 Bxa4 37. Kd3 d5 38. Rb1
Be5 39. Rb4 Bd1 40. g5 Kc8 41. b6 Kb7 42. Rb1 Bg3 43. Kd4 Bxh4 44. Rxd1 Bxg5
45. Rh1 h5 46. Rb1 Bf6+ 47. Kd3 g5 48. Rb5 Nf2+ 49. Ke2 Ng4 50. Kf3 Ne5+ 51.
Kf2 Nd3+ 52. Ke2 Nb2 53. Rxd5 Kxb6 54. Rd6+ Kc5 55. Rxf6 g4 56. Rf5+ Kd6 57.
Rxh5 Nc4 58. e4 Ne5 59. Kf2 Ke6 60. Kg3 Kf6 61. Kf4 Ng6+ 62. Kxg4 Ne5+ 63.
Kf4 Ng6+ 64. Ke3 Ne5 65. Rf5+ Ke6 66. Kd4 Nc6+ 67. Kc5 Ne5 68. Kd4 Nc6+ 69.
Kc3 Ne5 70. Kd4 Nc6+ 71. Kc5 Ne5 72. Kd4 Nc6+ 73. Kc5 Ne5 74. Kd4 Nc6+ 75.
Kc5 Ne5 76. Kd4 Nc6+ 77. Kc5 {Game drawn by repetition} 1/2-1/2

[Event "GambitGuide"]
[Site "Internet Chess Club"]
[Date "2014.10.30"]
[Round "1"]
[White "JSBach"]
[Black "captain"]
[Result "1-0"]
[ICCResult "Black resigns"]
[WhiteElo "1668"]
[BlackElo "1146"]
[Opening "Vienna: `Frankenstein-Dracula' variation"]
[ECO "C27"]
[NIC "VG.02"]
[Time "22:36:47"]
[TimeControl "120+12"]

1. e4 e5 2. Nc3 Nf6 3. Bc4 Nxe4 4. Qh5 Nd6 5. Bb3 Nc6 6. Nb5 g6 7. Qf3 f5 8.
Qd5 Qe7 9. Nxc7+ Kd8 10. Nxa8 b6 11. Ba4 Bb7 12. Nxb6 axb6 13. Qb3 b5 14.
Nf3 bxa4 15. Qxa4 Nd4 16. Nxd4 exd4+ 17. Kf1 Bg7 18. b4 Bc6 19. Qa5+ Ke8 20.
Qc5 Ne4 21. Qxe7+ Kxe7 22. a4 Bh6 23. b5 Bb7 24. Ke1 Nc5 25. f3 d3 26. Ba3
d6 27. Bxc5 dxc5 28. cxd3 Rd8 29. Ke2 Bg7 30. Rae1 Kd7 31. a5 Bd5 32. a6 Kc7
33. Kd1 Kb6 34. Re7 Bd4 35. Rxh7 Kxb5 36. a7 Ra8 37. Re1 Bb3+ 38. Kc1 Kb6
39. Ree7 Ka6 40. Rh6 Rxa7 41. Rxg6+ Ka5 42. Rxa7+ {Black resigns} 1-0

[Event "GambitGuide"]
[Site "Internet Chess Club"]
[Date "2014.10.30"]
[Round "1"]
[White "JSBach"]
[Black "captain"]
[Result "1-0"]
[ICCResult "Black resigns"]
[WhiteElo "1668"]
[BlackElo "1146"]
[Opening "Vienna: `Frankenstein-Dracula' variation"]
[ECO "C27"]
[NIC "VG.02"]
[Time "22:39:09"]
[TimeControl "120+12"]

1. e4 e5 2. Nc3 Nf6 3. Bc4 Nxe4 4. Qh5 Nd6 5. Bb3 Nc6 6. Nb5 g6 7. Qf3 f5 8.
Qd5 Qe7 9. Nxc7+ Kd8 10. Nxa8 b6 11. Ba4 Bb7 12. Nxb6 axb6 13. Qb3 b5 14.
Ne2 Nd4 15. Nxd4 exd4+ 16. Kf1 Bg7 17. Bxb5 {Black resigns} 1-0

[Event "GambitGuide"]
[Site "Internet Chess Club"]
[Date "2014.10.30"]
[Round "1"]
[White "JSBach"]
[Black "captain"]
[Result "1-0"]
[ICCResult "Black resigns"]
[WhiteElo "1668"]
[BlackElo "1146"]
[Opening "Vienna: `Frankenstein-Dracula' variation"]
[ECO "C27"]
[NIC "VG.02"]
[Time "22:39:26"]
[TimeControl "120+12"]

1. e4 e5 2. Nc3 Nf6 3. Bc4 Nxe4 4. Qh5 Nd6 5. Bb3 Nc6 6. Nb5 g6 7. Qf3 f5 8.
Qd5 Qe7 9. Nxc7+ Kd8 10. Nxa8 b6 11. Ba4 Bb7 12. Nxb6 axb6 13. Qb3 b5 14.
Ne2 bxa4 15. Qxa4 Nd4 16. Nxd4 exd4+ 17. Kf1 Bg7 18. d3 Bc6 19. Qa7 Qg5 20.
Bxg5+ {Black resigns} 1-0

[Event "GambitGuide"]
[Site "Internet Chess Club"]
[Date "2014.10.30"]
[Round "1"]
[White "JSBach"]
[Black "SkorpionDefense"]
[Result "1-0"]
[ICCResult "Black checkmated"]
[WhiteElo "1668"]
[BlackElo "2253"]
[Opening "Vienna: `Frankenstein-Dracula' variation"]
[ECO "C27"]
[NIC "VG.02"]
[Time "22:37:47"]
[TimeControl "120+12"]

1. e4 e5 2. Nc3 Nf6 3. Bc4 Nxe4 4. Qh5 Nd6 5. Bb3 Nc6 6. Nb5 g6 7. Qf3 f5 8.
Qd5 Qe7 9. Nxc7+ Kd8 10. Nxa8 b6 11. Ba4 Bb7 12. Nxb6 axb6 13. Qb3 Kc7 14.
Ne2 Bg7 15. Nc3 Nd4 16. Nd5+ Bxd5 17. Qxd5 Qg5 18. c3 Nc6 19. d4 f4 20. g3
Re8 21. O-O Nf5 22. Re1 Qg4 23. Bd1 Qh3 24. Bxf4 exf4 25. Rxe8 fxg3 26. fxg3
Nxg3 27. Qf3 Nxd4 28. Qf4+ Kc6 29. Rc8+ Kb7 30. Qc7+ Ka6 31. Ra8+ Kb5 32.
Ba4# {Black checkmated} 1-0

[Event "GambitGuide"]
[Site "Internet Chess Club"]
[Date "2014.10.30"]
[Round "1"]
[White "JSBach"]
[Black "FreeIreland"]
[Result "1/2-1/2"]
[ICCResult "Game drawn by repetition"]
[WhiteElo "1668"]
[BlackElo "1303"]
[Opening "Vienna: `Frankenstein-Dracula' variation"]
[ECO "C27"]
[NIC "VG.02"]
[Time "22:37:47"]
[TimeControl "120+12"]

1. e4 e5 2. Nc3 Nf6 3. Bc4 Nxe4 4. Qh5 Nd6 5. Bb3 Nc6 6. Nb5 g6 7. Qf3 f5 8.
Qd5 Qe7 9. Nxc7+ Kd8 10. Nxa8 b6 11. Ba4 Bb7 12. Nxb6 axb6 13. Qb3 Qg5 14.
Qxb6+ Kc8 15. g3 Nd4 16. Qc5+ Kb8 17. Qxe5 Bg7 18. Qxd6+ Ka8 19. h4 Re8+ 20.
Kf1 Qg4 21. f3 Nxf3 22. Bxd7 Nxg1 23. Qa3+ Kb8 24. Qd6+ Ka7 25. Qc5+ Kb8 26.
Qd6+ Ka7 27. Qc5+ Kb8 28. Qd6+ Ka7 29. Qc5+ Kb8 30. Qd6+ Ka7 31. Qc5+ Kb8
32. Qd6+ Ka7 33. Qc5+ Kb8 34. Qd6+ {Game drawn by repetition} 1/2-1/2

[Event "GambitGuide"]
[Site "Internet Chess Club"]
[Date "2014.10.30"]
[Round "1"]
[White "JSBach"]
[Black "nirvaana"]
[Result "1-0"]
[ICCResult "Black checkmated"]
[WhiteElo "1668"]
[BlackElo "1343"]
[Opening "Vienna: `Frankenstein-Dracula' variation"]
[ECO "C27"]
[NIC "VG.02"]
[Time "22:38:28"]
[TimeControl "120+12"]

1. e4 e5 2. Nc3 Nf6 3. Bc4 Nxe4 4. Qh5 Nd6 5. Bb3 Nc6 6. Nb5 g6 7. Qf3 f5 8.
Qd5 Qe7 9. Nxc7+ Kd8 10. Nxa8 b6 11. Ba4 Bb7 12. Nxb6 axb6 13. Qb3 Kc7 14.
Ne2 Nd4 15. Nxd4 exd4+ 16. Kf1 Qf7 17. h4 Qxb3 18. Bxb3 Bh6 19. Rh3 Re8 20.
c3 dxc3 21. dxc3 Be4 22. Bxh6 Nb5 23. Re3 Nd6 24. f3 Bc6 25. Rxe8 Nxe8 26.
Re1 Nf6 27. Bf4+ Kb7 28. Be5 Nd5 29. c4 Nb4 30. Ke2 Na6 31. Ke3 Nc5 32. Bc2
Ne6 33. Bd6 b5 34. cxb5 Bxb5 35. a4 Bc6 36. b4 Bd5 37. b5 Bc4 38. Rc1 Ba2
39. a5 Bd5 40. h5 Nd8 41. Kd4 Be6 42. h6 Nf7 43. a6+ Ka8 44. Be4+ Ka7 45.
Bc5+ Kb8 46. a7+ Kc7 47. b6+ Kd8 48. a8=Q# {Black checkmated} 1-0